 Dungeon Crawl Stone Soup version 0.30-b1-2-g02819fbbbe (webtiles) character file.

Game seed: 1679546669831315749

7 Alarkh the Charlatan (level 1, 0/16 HPs)
             Began as a Demonspawn Artificer on July 11, 2023.
             Slain by a kobold
             ... wielding a +0 club
              (4 damage)
             ... on level 1 of the Dungeon.
             The game lasted 00:00:19 (133 turns).

Alarkh the Charlatan (Demonspawn Artificer)          Turns: 133, Time: 00:00:20

Health: 0/16       AC:  3    Str: 12    XL:     1   Next: 83%
Magic:  1/1        EV: 11    Int: 12    God:
Gold:   0          SH:  0    Dex: 13    Spells: 0/0 levels left

rFire   . . .        a - +0 club
rCold   . . .        (no shield)
rNeg    . . .        b - +0 leather armour
rPois   .            (no helmet)
rElec   .            (no cloak)
rCorr   .            (no gloves)
SInv    .            (no boots)
Will    .....        (no amulet)
Stlth   +            (no ring)
HPRegen 0.22/turn    (no ring)
MPRegen 0.07/turn

%: no passive effects
@: no status effects
A: no striking features
a: no special abilities


You were on level 1 of the Dungeon.
You visited 1 branch of the dungeon, and saw 1 of its levels.

Inventory:

Hand Weapons
 a - a +0 club (weapon)
Armour
 b - a +0 leather armour (worn)
Wands
 c - a wand of flame (15) (quivered)
 d - a wand of charming (15)
 e - a wand of iceblast (3)
Scrolls
 f - a scroll of identify {unknown}
Potions
 g - 2 potions of lignification {unknown}


   Skills:
 + Level 2.0 Fighting
 - Level 1.7 Armour
 - Level 0.8 Dodging
 - Level 0.8 Stealth
 - Level 3.0 Evocations


You couldn't memorise any spells.
You didn't know any spells.
Your spell library was empty.

Dungeon Overview and Level Annotations

Branches:
Dungeon (1/15)

Altars:


Message History

The quokka bites you but does no damage.
The hobgoblin closely misses you.
You barely miss the quokka.
The quokka is moderately wounded.
The quokka bites you. The hobgoblin barely misses you.
The kobold hits you with a +0 club. The quokka completely misses you.
You are too injured to fight recklessly!
You are too injured to fight recklessly!
You are too injured to fight recklessly!
You are too injured to fight recklessly!
You are too injured to fight recklessly!
You are too injured to fight recklessly!
You are too injured to fight recklessly!
Okay, then.
The quokka attacks as you move away! The quokka barely misses you.
The kobold attacks as you move away! The kobold hits you with a +0 club.
Things that are here:
a +0 dagger; a kobold corpse The quokka attacks as you move away!
The quokka bites you.
* * * LOW HITPOINT WARNING * * *
Found a murky red potion.
The dart slug closely misses you.
Aiming: Iceblast
Press: ? - help, Shift-Dir - straight line The mass of ice explodes!
The iceblast engulfs the quokka!
You kill the quokka!
The hobgoblin misses you.
Aiming: Iceblast
Press: ? - help, Shift-Dir - straight line, f - kobold
Aim: a kobold, wielding a +0 club The mass of ice explodes!
The iceblast engulfs the kobold.
The kobold is heavily wounded.
The iceblast engulfs the hobgoblin!!
You kill the hobgoblin!
The iceblast engulfs the dart slug!
You kill the dart slug!
Your Fighting skill increases to level 2!
You barely miss the kobold.
The kobold is heavily wounded.
The kobold hits you with a +0 club.
You die...

#.# #######.#
#.......# ##.####..#
##...######
####)....##
##.#.......#
##...†.........
#.@K†..........
#..................
.....................
#.#.................
# ##.#.............
####.!.........
##.#....... ###....


You could see a kobold.

Vanquished Creatures
  A dart slug (D:1)
  A hobgoblin (D:1)
  A quokka (D:1)
  A kobold (D:1)
  A rat (D:1)
5 creatures vanquished.

Notes
Turn   | Place    | Note
-------+----------+-------------------------------------------
     0 | D:1      | Alarkh the Demonspawn Artificer began the quest for the
                  | Orb.
     0 | D:1      | Reached XP level 1. HP: 15/15 MP: 1/1
   133 | D:1      | Slain by a kobold

Illustrated notes

Levels and vault maps discovered:
D:1:      dpeg_arrival_round_c, layout_loops_corners,
          shapermc_ecumenical_altar_rom_forum, dreamdust_princess_bridge,
          nicolae_figureground_pulse

Skill      XL: |  1 |
---------------+----+-----
Fighting       | 2 |  2.0
Armour         | |  1.7
Dodging        | |  0.8
Stealth        | |  0.8
Evocations     | |  3.0

Action                     || total
---------------------------++-------
  Melee: Club              ||     7
  Evoke: Wand              ||     2
 Armour: Leather armour    ||     2
  Dodge: Dodged            ||     9
